 Dungeon Crawl Stone Soup version 0.27-a0-215-g68775813e2 (webtiles) character file.

Game seed: 18001140914767051516

11277 Stormsson the Basher (level 11, -7/99 HPs)
             Began as a Minotaur Berserker on Nov 10, 2020.
             Was an Elder of Trog.
             Mangled by a wolf spider (14 damage)
             ... on level 2 of the Lair of Beasts on Jan 31, 2021.
             The game lasted 01:18:49 (11088 turns).

Stormsson the Basher (Minotaur Berserker)          Turns: 11088, Time: 01:18:51

Health: -7/99      AC: 18    Str: 26    XL:     11   Next: 47%
Magic:  0/10       EV: 15    Int:  4    God:    Trog [****..]
Gold:   733        SH:  0    Dex:  9    Spells: 10/10 levels left

rFire    . . .     SeeInvis +   a - +5 mace
rCold    . . .     Faith    .   (no shield)
rNeg     . . .     Spirit   +   j - +4 chain mail
rPois    .         Reflect  .   (helmet restricted)
rElec    .         Harm     .   y - +1 cloak
rCorr    .         Rampage  .   (no gloves)
Will     ++...                  (no boots)
Stlth    ..........             A - amulet of guardian spirit
HPRegen  1.26/turn              g - +4 ring of evasion
MPRegen  0.12/turn              N - ring of see invisible

@: about to teleport, regenerating
A: retaliatory headbutt, horns 2
a: Renounce Religion, Berserk, Trog's Hand, Brothers in Arms


You were on level 2 of the Lair of Beasts.
You worshipped Trog.
Trog was greatly pleased with you.
You visited 3 branches of the dungeon, and saw 13 of its levels.

You collected 733 gold pieces.

Inventory:

Hand Weapons
 a - a +5 mace (weapon)
 d - a +0 hand axe
 s - a +0 long sword
 E - a +0 war axe
 F - a +0 hunting sling
 I - a cursed -1 hunting sling
Missiles
 f - 5 throwing nets
 n - 9 boomerangs (quivered)
 o - 22 poisoned darts
Armour
 j - a +4 chain mail (worn)
 y - a +1 cloak (worn)
Jewellery
 g - a +4 ring of evasion (left hand)
 p - a +6 ring of intelligence
 w - an uncursed amulet of magic regeneration
 A - an amulet of guardian spirit (around neck)
 B - an uncursed ring of fire
 C - an uncursed ring of resist corrosion
 L - an uncursed amulet of reflection
 M - an uncursed ring of ice
 N - a ring of see invisible (right hand)
Wands
 i - a wand of random effects (20)
 v - a wand of iceblast (6)
 x - a wand of acid (20)
 H - a wand of paralysis (5)
 O - a wand of flame (11)
Scrolls
 k - 5 scrolls of remove curse
 u - 4 scrolls of teleportation
Potions
 b - 2 potions of brilliance
 c - 9 potions of curing
 e - a potion of cancellation
 h - 3 potions of berserk rage
 m - a potion of mutation {unknown}
 q - 2 potions of heal wounds
 r - 3 potions of lignification
 t - a potion of invisibility {unknown}
 z - 2 potions of haste
 D - 2 potions of might {unknown}
 G - a potion of ambrosia {unknown}
 J - a potion of resistance
Miscellaneous
 K - a box of beasts


   Skills:
 + Level 10.1 Fighting
 - Level 14.0 Maces & Flails
 + Level 2.1 Throwing
 + Level 12.0 Armour
 + Level 4.8 Dodging
 + Level 2.4 Stealth
 + Level 0.5 Evocations


You had 10 spell levels left.
You didn't know any spells.
Your spell library contained the following spells:

 Spells                   Type           Power        Failure   Level
 Confusing Touch          Hex            0%           100%        3
 Gell's Gravitas          Tloc           0%           100%        3
 Petrify                  Tmut/Erth      0%           100%        4
 Metabolic Englaciation   Hex/Ice        0%           100%        5
 Yara's Violent Unravell  Hex/Tmut       0%           100%        5


Dungeon Overview and Level Annotations

Branches:
Dungeon (10/15)            Temple (0/1) D:5            Lair (2/6) D:10
 Spider (1/4) Lair:2
  Swamp: Lair:2-4    Shoals: Lair:2-4       Orc: D:9-12

Altars:
Ashenzari
Cheibriados
Gozag
Kikubaaqudgha
Makhleb
Nemelex Xobeh
Okawaru
Qazlal
Ru
Uskayaw
Vehumet
Xom
The Shining One

Annotations:
D:7 2 transporters, petercordia3's ghost, novice PaGl
D:8 2 transporters


Innate Abilities, Weirdness & Mutations

You reflexively headbutt those who attack you in melee.
You have a pair of horns on your head.


Message History

* * * LOW HITPOINT WARNING * * *
As you read the scroll of teleportation, it crumbles to dust.
You feel strangely unstable.
The tarantella bites you but does no damage.
The redback bites you but does no damage.
The wolf spider barely misses you. The wolf spider bites you.
* * * LOW HITPOINT WARNING * * *
The wolf spider hits you.
* * * LOW HITPOINT WARNING * * *
The wolf spider bites you but does no damage.
The tarantella bites you but does no damage.
The demonic crawler closely misses you. x2
The demonic crawler barely misses you. The tarantella closely misses you.
Your skin crawls.
You feel strong-willed. The wolf spider closely misses you.
The wolf spider bites you.
* * * LOW HITPOINT WARNING * * *
The redback bites you but does no damage.
The wolf spider hits you!
You die...

#..P.......†...###..####
###<........##..# #..##.#
##....##(>....#.P# #.P.... ##
#.....#...≈...#.## #....).
...####....≈≈≈.≈≈≈.... #...#.##
#........≈.≈≈.≈≈.≈.....P<..##
#........≈≈.≈.≈.≈≈.....P..P#
###...P...≈≈≈sss≈≈≈..#....... #
P.......†.†...@s...............
#.#..##.#≈≈≈≈s.s≈≈≈.........#..
# #.##≈≈.≈.≈.≈≈.....##..#..
#.##≈.≈≈.≈≈.≈... .....#
#....≈≈≈.≈≈≈.... #...
........#....... #P.#
............#... #.†##
................## ##÷.#
#.#.P##<###


You could see a demonic crawler, 2 wolf spiders, 2 tarantellas and a redback.

Vanquished Creatures
  Fannar (D:10)
  Pikel (D:4)
  Joseph (D:7)
  2 cane toads (Lair:2)
  A rime drake (Lair:2)
  6 komodo dragons
  2 jumping spiders (Lair:2)
  A troll (D:10)
  Grinder (D:3)
  A redback (Lair:2)
  3 wyverns
  13 yaks
  Eustachio (D:4)
  3 water moccasins
  An eye of draining (D:9)
  4 orc warriors
  An ice beast (D:9)
  2 sky beasts
  A black bear (D:10)
  An ogre (D:9)
  A centaur (D:9)
  A big kobold (D:7)
  A lemure (D:4)
  13 bullfrogs
  A scorpion (D:7)
  7 killer bees
  4 wights (D:9)
  5 howler monkeys
  2 bullfrog zombies
  3 hounds
  2 jellies
  A quasit (D:5)
  An orc priest (D:4)
  2 iguanas
  3 centaur skeletons (D:7)
  8 orc wizards
  7 worker ants
  A hound zombie (D:7)
  A hound skeleton (D:10)
  A howler monkey zombie (D:9)
  4 gnolls (D:7)
  11 adders
  A shadow imp (D:6)
  3 white imps
  4 oozes
  4 worms
  2 dart slugs
  3 leopard geckos
  27 orcs
  A ball python (D:6)
  2 giant cockroaches
  9 goblins
  9 hobgoblins
  2 jackals (D:4)
  11 kobolds
  3 quokkas
  8 bats
  3 frilled lizards
  2 goblin skeletons (D:5)
  A goblin zombie (D:5)
  3 hobgoblin zombies (D:5)
  4 kobold skeletons (D:5)
  A kobold zombie (D:5)
  3 orc zombies (D:5)
  A quokka skeleton (D:9)
  8 rats
242 creatures vanquished.

Vanquished Creatures (collateral kills)
  A gargoyle (D:10)
1 creature vanquished.

Vanquished Creatures (others)
  10 fungi
  7 plants
17 creatures vanquished.

Grand Total: 260 creatures vanquished

Notes
Turn   | Place    | Note
-------+----------+-------------------------------------------
     0 | D:1      | Stormsson the Minotaur Berserker began the quest for the
                  | Orb.
     0 | D:1      | Reached XP level 1. HP: 19/19 MP: 0/0
    70 | D:1      | Upgraded the game from 0.26-a0-784-g51bffae0b1 to
                  | 0.27-a0-202-gdcb3803577
   225 | D:1      | Reached XP level 2. HP: 25/27 MP: 1/1
   262 | D:1      | Reached skill level 4 in Maces & Flails
   466 | D:1      | Reached XP level 3. HP: 30/33 MP: 2/2
  1268 | D:2      | Reached ** piety under Trog
  1501 | D:2      | Reached XP level 4. HP: 41/41 MP: 3/3
  1891 | D:3      | Reached skill level 5 in Maces & Flails
  2091 | D:3      | Found a hide-covered altar of Uskayaw.
  2277 | D:3      | Noticed Grinder
  2282 | D:3      | Paralysed by Grinder for 4 turns
  2291 | D:3      | Killed Grinder
  2292 | D:3      | Reached skill level 6 in Maces & Flails
  2292 | D:3      | Reached XP level 5. HP: 42/47 MP: 4/4
  2292 | D:3      | Reached XP level 6. HP: 49/55 MP: 5/5
  2779 | D:4      | Noticed Pikel
  2800 | D:4      | Killed Pikel
  2801 | D:4      | Reached skill level 5 in Fighting
  2801 | D:4      | Reached skill level 7 in Maces & Flails
  2801 | D:4      | Reached skill level 1 in Throwing
  2801 | D:4      | Reached skill level 5 in Armour
  2801 | D:4      | Reached XP level 7. HP: 61/61 MP: 6/6
  2855 | D:4      | Found a stormy altar of Qazlal.
  2870 | D:4      | Found an iron altar of Okawaru.
  2915 | D:4      | Reached skill level 8 in Maces & Flails
  3056 | D:4      | Found a radiant altar of Vehumet.
  3060 | D:4      | Found a sparkling altar of Nemelex Xobeh.
  3064 | D:4      | Found a broken altar of Ashenzari.
  3129 | D:4      | Noticed Eustachio
  3165 | D:4      | Killed Eustachio
  3166 | D:4      | Reached XP level 8. HP: 69/69 MP: 7/7
  3179 | D:4      | Reached *** piety under Trog
  3855 | D:5      | Entered Level 5 of the Dungeon
  3910 | D:5      | Found an opulent altar of Gozag.
  4041 | D:5      | Found a glowing golden altar of the Shining One.
  4136 | D:5      | Found a staircase to the Ecumenical Temple.
  5108 | D:6      | Reached skill level 9 in Maces & Flails
  5132 | D:6      | Found a sacrificial altar of Ru.
  5134 | D:6      | Found an ornate altar of the Wu Jian Council.
  5134 | D:6      | Found a shimmering altar of Xom.
  5136 | D:6      | Found a shimmering altar of Xom.
  5136 | D:6      | Found a burning altar of Makhleb.
  5136 | D:6      | Found a glowing golden altar of the Shining One.
  6104 | D:7      | Found a transporter.
  6107 | D:7      | Found a transporter.
  6107 | D:7      | Noticed petercordia3's ghost (novice PaGl)
  6107 | D:7      | Noticed a hornet
  6131 | D:7      | Noticed Joseph
  6150 | D:7      | Killed Joseph
  6156 | D:7      | Reached skill level 10 in Maces & Flails
  6156 | D:7      | Reached skill level 1 in Stealth
  6172 | D:7      | Reached XP level 9. HP: 36/78 MP: 4/8
  6448 | D:7      | Reached **** piety under Trog
  6876 | D:8      | Found a transporter.
  6880 | D:8      | Noticed a tengu warrior
  6881 | D:8      | Noticed a troll
  6882 | D:8      | Found a shimmering altar of Xom.
  6882 | D:8      | Found a transporter.
  6882 | D:8      | Noticed a catoblepas
  6917 | D:8      | Reached skill level 11 in Maces & Flails
  6991 | D:8      | Found a snail-covered altar of Cheibriados.
  7056 | D:8      | Found a sacrificial altar of Ru.
  7438 | D:9      | Found an ancient bone altar of Kikubaaqudgha.
  7483 | D:9      | Reached skill level 12 in Maces & Flails
  7484 | D:9      | Reached XP level 10. HP: 55/88 MP: 6/9
  7702 | D:9      | Reached ***** piety under Trog
  7786 | D:9      | Found a hide-covered altar of Uskayaw.
  8133 | D:10     | Entered Level 10 of the Dungeon
  8596 | D:10     | Found a staircase to the Lair.
  8596 | D:10     | Noticed Fannar
  8600 | D:10     | Noticed a gargoyle
  8616 | D:10     | Killed Fannar
  8617 | D:10     | Reached skill level 13 in Maces & Flails
  8617 | D:10     | Reached skill level 10 in Armour
  8617 | D:10     | Killed a gargoyle
  8765 | D:10     | Upgraded the game from 0.27-a0-202-gdcb3803577 to
                  | 0.27-a0-215-g68775813e2
  8776 | Lair:1   | Entered Level 1 of the Lair of Beasts
  8905 | Lair:1   | Reached XP level 11. HP: 63/97 MP: 8/10
 10468 | Lair:2   | Reached skill level 14 in Maces & Flails
 10945 | Lair:2   | Reached skill level 10 in Fighting
 11036 | Lair:2   | Found a hole to the Spider Nest.
 11049 | Spider:1 | Entered Level 1 of the Spider Nest
 11049 | Spider:1 | Noticed a wolf spider
 11050 | Spider:1 | Noticed a wolf spider
 11050 | Spider:1 | Noticed an orb spider
 11088 | Lair:2   | Mangled by a wolf spider

Illustrated notes

Levels and vault maps discovered:
D:1:      dpeg_arrival_orchard, layout_basic
D:2:      wander_river, layout_basic, palyth_stone_intersect
D:3:      layout_basic, eat_drink_and_be_merry_uskayaw, lightli_corner_chamber,
          uniq_grinder
D:4:      kennysheep_six_static_rooms, layout_basic, grunt_qazlal_clouds,
          minmay_overflow_temple_star_quad, okawaru_metal_pillars_3, uniq_pikel,
          uniq_eustachio
D:5:      layout_layer_cave, old_standard_altar, nicolae_tso_besieged_by_evil,
          minmay_temple_entry_sparse_star
D:6:      layout_layer_cave, doesnt_xom_only_xom
D:7:      layout_loops_cross, lemuel_coloured_pillars_altar,
          lemuel_crystal_altar, gammafunk_ghost_hive, uniq_joseph
D:8:      layout_rooms, nicolae_ru_path_of_blood,
          gammafunk_temple_overflow_arena, nicolae_overflow_hidden_temple
D:9:      layout_roguey, kiku_gazebo_pond_becter, basic_altar,
          kennysheep_crisscross
D:10:     layout_cave_pods, lair_entry_dummy, grunt_dithmenos_shadows,
          uniq_fannar
Lair:1:   layout_regular_city, beast_lair_carwin_11, infiniplex_staircase_pool,
          serial_bayou_shore_b
Lair:2:   layout_loops_ring, spider_nest_entry_a, special_room
          [special_room_bee]
Spider:1: layout_spider_delve, special_room

Skill      XL: |  1  2  3  4  5  6  7  8  9 10 11 |
---------------+----------------------------------+-----
Maces & Flails | 4 6 7 8 10 12 13 14 | 14.0
Fighting       | 4 5 6 8 9 10 | 10.1
Armour         | 3 5 6 7 9 11 12 | 12.0
Dodging        | 3 4 |  4.8
Throwing       | 1 2 |  2.1
Stealth        | 1 2 |  2.4
Evocations     | |  0.5

Action                   |  1- 3 |  4- 6 |  7- 9 | 10-12 || total
-------------------------+-------+-------+-------+-------++-------
Melee: Mace              |    69 |    76 |   331 |   238 ||   714
       Headbutt          |     7 |    14 |    59 |    57 ||   137
Throw: Dart              |       |     4 |       |     1 ||     5
       Boomerang         |       |     3 |       |     7 ||    10
Invok: Berserk           |       |     3 |     3 |     2 ||     8
       Trog's Hand       |       |     1 |     1 |     3 ||     5
       Brothers in Arms  |       |       |       |     1 ||     1
Evoke: Wand              |       |       |       |     3 ||     3
  Use: Scroll            |     6 |     4 |    14 |     6 ||    30
       Potion            |     3 |     1 |     5 |     2 ||    11
Armor: Animal skin       |    12 |       |       |       ||    12
       Chain mail        |    10 |    46 |   195 |   117 ||   368
Dodge: Dodged            |    49 |    39 |   190 |   201 ||   479

Table legend: (Time is in decaauts)
 A = Elapsed time spent in this place.
 B = Non-inter-level travel time spent in this place.
 C = Inter-level travel time spent in this place.
 D = Time resting spent in this place.
 E = Time spent auto-exploring this place.
 F = Levels seen in this place.
 G = Mean time per level.
                   A        B        C        D        E       F      G
               +--------+--------+--------+--------+--------+-----+--------+
         Total |  11109 |  10710 |    399 |   2053 |   5293 |  13 |  854.5 |
       Dungeon |   8827 |   8450 |    377 |    887 |   4807 |  10 |  882.7 |
          Lair |   2274 |   2252 |     22 |   1165 |    486 |   2 | 1137.0 |
   Spider Nest |      7 |      7 |      0 |      0 |      0 |   1 |    7.0 |
               +--------+--------+--------+--------+--------+-----+--------+

Top non-repeatable levels by time:
  Lair:1: 1551 daAuts
     D:4: 1254 daAuts
     D:5: 1169 daAuts
     D:6: 978 daAuts
     D:2: 967 daAuts
     D:9: 943 daAuts
     D:1: 917 daAuts
     D:3: 789 daAuts
  Lair:2: 723 daAuts
     D:7: 696 daAuts
    D:10: 634 daAuts
     D:8: 474 daAuts
Spider:1: 7 daAuts
